 Dungeon Crawl Stone Soup version 0.28.0-47-ge53b351184 (webtiles) character file.

Game seed: 6842905209715828164

4 promet the Skirmisher (level 1, -1/14 (18) HPs)
             Began as a Human Chaos Knight on May 6, 2022.
             Was a Plaything of Xom.
             Slain by a gnoll
             ... wielding a +0 whip
              (7 damage)
             ... on level 1 of the Dungeon.
             The game lasted 00:03:35 (427 turns).

promet the Skirmisher (Human Chaos Knight)           Turns: 427, Time: 00:03:36

HP:   -1/14 (18)    AC:  5    Str: 12    XL:     1   Next: 66%
MP:   1/1           EV: 11    Int: 12    God:    Xom [.*....]
Gold: 19            SH:  0    Dex: 12    Spells: 0/0 levels left

rFire   . . .      SeeInvis .   a - +0 falchion (chaos)
rCold   . . .      Faith    .   (no shield)
rNeg    . . .      Spirit   .   b - +2 leather armour
rPois   +          Reflect  .   (no helmet)
rElec   .          Harm     .   (no cloak)
rCorr   .          Rampage  .   (no gloves)
Will    .....                   (no boots)
Stlth   +.........              (no amulet)
HPRegen 0.04/turn               e - ring of poison resistance
MPRegen 0.07/turn               (no ring)

@: heavily drained
A: no striking features
a: Renounce Religion


You were on level 1 of the Dungeon.
You worshipped Xom.
You were a plaything of Xom.
You visited 1 branch of the dungeon, and saw 1 of its levels.

You collected 19 gold pieces.

Inventory:

Hand Weapons
 a - a +0 falchion of chaos (weapon)
Missiles
 f - 18 sling bullets
Armour
 b - a +2 leather armour (worn)
Jewellery
 e - a ring of poison resistance (left hand)
Scrolls
 g - a scroll of identify
Potions
 c - a potion of lignification
 d - a potion of attraction


   Skills:
 + Level 3.1 Fighting
 + Level 3.0 Long Blades
 + Level 2.2 Armour
 + Level 1.0 Dodging


You couldn't memorise any spells.
You didn't know any spells.
Your spell library was empty.

Dungeon Overview and Level Annotations

Branches:
Dungeon (1/15)

Altars:


Message History

You hit the ball python.
You kill the ball python!
You see here a ball python corpse.
You see here a ball python corpse.
The frilled lizard hisses angrily.
The frilled lizard barely misses you.
You barely miss the frilled lizard. The frilled lizard barely misses you.
You barely miss the frilled lizard. The frilled lizard bites you.
You barely miss the frilled lizard.
The frilled lizard bites you but does no damage.
You barely miss the frilled lizard. The frilled lizard closely misses you.
You slash the frilled lizard!
You feel better.
You kill the frilled lizard! "You have grown too confident for your meagre worth."
You feel drained.
Found a stone staircase leading down.
Found a stone staircase leading down.
There is a stone staircase leading down here.
There is a stone staircase leading down here.
Xom's power touches on you for a moment.
Your body is wracked with pain!
You start resting.
HP restored.
Found a ring mail.
You see here a +0 ring mail.
Unknown command.
A gnoll comes into view. It is wielding a +0 whip.
You see here a +0 ring mail.
You hit the gnoll.
The gnoll is lightly wounded.
The gnoll hits you with a +0 whip.
You hit the gnoll.
The gnoll is moderately wounded.
The gnoll hits you with a +0 whip. The gnoll hits you but does no damage.
You hit the gnoll.
The gnoll seems to speed up.
Xom is amused.
The gnoll is heavily wounded.
The gnoll hits you with a +0 whip!
Ouch! That really hurt!
You die...

#.######.>.......###
#....................
##.######.#.......####
#.................#
#..##.#.#.###.#...#
#..##.#.#.# #.#...#
#..##.#.#.# #.#...#
#..##.....# #g# .g#
#..##.....###@#....
#................###
#.###.....#####.## #.#
#....## .# #.# #.#.##
# #.# #.#.#
#.###.#.#####
#............
#############


You could see a gnoll (fast).

Vanquished Creatures
  A ball python (D:1)
  A bat (D:1)
  2 frilled lizards (D:1)
  A rat (D:1)
5 creatures vanquished.

Notes
Turn   | Place    | Note
-------+----------+-------------------------------------------
     0 | D:1      | promet the Human Chaos Knight began the quest for the Orb.
     0 | D:1      | Reached XP level 1. HP: 18/18 MP: 1/1
    74 | D:1      | XOM: divination: detect creatures
   204 | D:1      | XOM: draining
   266 | D:1      | XOM: torment (8/14 hp)
   427 | D:1      | Slain by a gnoll

Illustrated notes

Levels and vault maps discovered:
D:1:      lightli_arrival_quake, layout_loops_ring,
          hellmonk_ecumenical_altar_crossroads

Action                   || total
-------------------------++-------
Melee: Falchion          ||    15
  Use: Scroll            ||     2
Armor: Leather armour    ||     3
Dodge: Dodged            ||     7
